 Dungeon Crawl Stone Soup version 0.27.0-1-g7a089689b8 (webtiles) character file.

Game seed: 10623157802413650368

80 ZARRMARR the Chopper (level 4, -4/40 HPs)
             Began as a Hill Orc Monk on Aug 8, 2021.
             Slain by a scorpion (8 damage)
             ... on level 4 of the Dungeon.
             The game lasted 00:12:39 (3373 turns).

ZARRMARR the Chopper (Hill Orc Monk)                Turns: 3373, Time: 00:12:39

Health: -4/40      AC:  2    Str: 14    XL:     4   Next: 39%
Magic:  4/4        EV: 12    Int: 10    God:
Gold:   116        SH:  0    Dex: 13    Spells: 3/3 levels left

rFire    . . .     SeeInvis +   a - +0 hand axe
rCold    . . .     Faith    .   (no shield)
rNeg     . . .     Spirit   .   b - +0 robe
rPois    .         Reflect  .   (no helmet)
rElec    .         Harm     .   (no cloak)
rCorr    +         Rampage  .   (no gloves)
Will     .....                  (no boots)
Stlth    ++........             (no amulet)
HPRegen  0.13/turn              i - ring of resist corrosion
MPRegen  0.09/turn              l - ring of see invisible

@: mighty
A: no striking features
a: no special abilities


You were on level 4 of the Dungeon.
You visited 1 branch of the dungeon, and saw 4 of its levels.

You collected 116 gold pieces.

Inventory:

Hand Weapons
 a - a +0 hand axe (weapon)
 d - a +0 whip
Missiles
 g - 31 stones (quivered)
Armour
 b - a +0 robe (worn)
Jewellery
 f - a +6 ring of intelligence
 i - a ring of resist corrosion (left hand)
 l - a ring of see invisible (right hand)
Scrolls
 e - a scroll of noise
 n - a scroll of fear {unknown}
 o - a scroll of teleportation {unknown}
Potions
 c - 3 potions of curing
 h - a potion of lignification
 k - a potion of attraction {unknown}
 m - a potion of brilliance {unknown}


   Skills:
 + Level 4.1 Fighting
 + Level 5.2 Axes
 + Level 1.1 Throwing
 + Level 2.9 Dodging
 + Level 1.8 Stealth


You had 3 spell levels left.
You didn't know any spells.
Your spell library contained the following spells:

 Spells                   Type           Power      Damage    Failure   Level
 Summon Small Mammal      Summ           0%         N/A       36%         1
 Call Canine Familiar     Summ           0%         N/A       75%         3
 Frozen Ramparts          Ice            0%         1d2       75%         3
 Summon Guardian Golem    Hex/Summ       0%         N/A       75%         3
 Ice Form                 Ice/Tmut       0%         N/A       98%         4
 Summon Ice Beast         Ice/Summ       0%         N/A       98%         4


Dungeon Overview and Level Annotations

Branches:
Dungeon (4/15)
 Temple: D:4-7

Altars:
Hepliaklqana
Qazlal
Vehumet


Message History

The scorpion is moderately wounded.
The scorpion barely misses you.
You hit the scorpion but do no damage.
The scorpion is moderately wounded.
The scorpion barely misses you.
You hit the scorpion but do no damage.
The scorpion is moderately wounded.
The scorpion barely misses you. The scorpion misses you.
You hit the scorpion but do no damage.
The scorpion is moderately wounded.
The scorpion stings you.
You barely miss the scorpion.
The scorpion is moderately wounded.
The scorpion closely misses you.
You hit the scorpion but do no damage.
The scorpion is moderately wounded.
The scorpion stings you but does no damage.
You barely miss the scorpion.
The scorpion is moderately wounded.
The scorpion misses you. The scorpion barely misses you.
You feel very mighty all of a sudden. The scorpion stings you.
You hit the scorpion.
The scorpion is moderately wounded.
The scorpion stings you but does no damage.
You hit the scorpion.
The scorpion is severely wounded.
The scorpion stings you!
You are poisoned.
The scorpion poisons you!
You hit the scorpion.
The scorpion is almost dead.
You feel sick. The scorpion stings you!
* * * LOW HITPOINT WARNING * * *
You are more poisoned.
The scorpion poisons you!
You feel better. The scorpion stings you.
* * * LOW HITPOINT WARNING * * *
The scorpion stings you!
You die...

............##
#####........#
#.........#
#..###..#.#
#..###..#.#
#†.#....#(#
#.......#(#
##.#.####s#
#+## #......@.#
...##
###.######
....## ##.#
.....## ##..#
......####...##
......'.......#
......####...##
.....## ##..#
....## ##.#


You could see a scorpion.

Vanquished Creatures
  A hound skeleton (D:4)
  2 adders
  A dart slug (D:4)
  5 orcs (D:3)
  2 endoplasms
  3 giant cockroaches
  4 goblins (D:1)
  2 hobgoblins
  3 jackals (D:1)
  3 quokkas
  2 ball pythons
  2 frilled lizards
  4 kobolds
  7 rats
41 creatures vanquished.

Notes
Turn   | Place    | Note
-------+----------+-------------------------------------------
     0 | D:1      | ZARRMARR the Hill Orc Monk began the quest for the Orb.
     0 | D:1      | Reached XP level 1. HP: 19/19 MP: 1/1
    83 | D:1      | Reached XP level 2. HP: 10/27 MP: 2/2
   536 | D:1      | Found a faded altar of an unknown god.
  1348 | D:2      | Reached XP level 3. HP: 28/33 MP: 3/3
  2538 | D:3      | Found a stormy altar of Qazlal.
  2615 | D:3      | Found a radiant altar of Vehumet.
  2691 | D:3      | Reached skill level 5 in Axes
  2818 | D:3      | Reached XP level 4. HP: 40/40 MP: 4/4
  3041 | D:3      | Found a hazy altar of Hepliaklqana.
  3305 | D:4      | Reached skill level 1 in Throwing
  3355 | D:4      | Noticed a scorpion
  3372 | D:4      | HP: 2/40 [scorpion (9)]
  3373 | D:4      | Slain by a scorpion

Illustrated notes

Levels and vault maps discovered:
D:1:      psy_arrival_fountain, layout_basic, ebering_ecumenical_altar_box
D:2:      layout_basic, minmay_misc_feat_more_columns
D:3:      layout_basic, nicolae_vehumet_altar_sigil, mainiacjoe_overflow_swirl
D:4:      layout_loops_corners, mainiacjoe_overflow_alcove_2, hex_tiny,
          uniq_eustachio

Skill      XL: |  1  2  3  4 |
---------------+-------------+-----
Fighting       | 4 |  4.1
Axes           | 5 |  5.2
Throwing       | 1 |  1.1
Dodging        | |  2.9
Stealth        | |  1.8

Action                   |  1- 3 |  4- 6 || total
-------------------------+-------+-------++-------
Melee: Hand axe          |   114 |    32 ||   146
Throw: Stone             |    60 |    14 ||    74
  Use: Scroll            |     7 |       ||     7
       Potion            |       |     2 ||     2
 Stab: Sleeping          |     1 |     3 ||     4
Armor: Robe              |    16 |     3 ||    19
Dodge: Dodged            |    68 |    16 ||    84
